[Event "56th Biel Festival Rapid 2023"]
[Site "Biel"]
[Date "2024.04.13"]
[Round "2.32"]
[White "Materia, Mario"]
[Black "Creux François"]
[Result "*"]
[WhiteElo "1196"]
[BlackElo "1753"]
[PlyCount "130"]
[EventDate "2023.07.16"]
[EventType "swiss"]
[EventCountry "SUI"]
[TimeControl "900+5"]

1. d4 d5 2. c4 c6 3. Nc3 Nf6 4. Nf3 e6 5. Bf4 Be7 6. e3 O-O 7. cxd5 cxd5 8. Bd3 h6 9. O-O Nh5 10. Bg3 a6 11. Qc2 Nc6 12. a3 Nxg3 13. hxg3 Bf6 14. Rfd1 Qc7 15. Rac1 Qe7 16. b4 Bd7 17. Na4 Rab8 18. Nc5 Be8 19. Qb3 Qd6 20. b5 axb5 21. Bxb5 Na5 22. Qb4 b6 23. Na6 Qxb4 24. axb4 Bxb5 25. Nxb8 Nc4 26. Nd2 Rxb8 27. Nxc4 Bxc4 28. e4 Be7 29. exd5 exd5 30. Rb1 Ra8 31. Re1 Kf8 32. Rb2 Ra4 33. Rbb1 b5 34. Re3 Bxb4 35. Kh2 Ra3 36. Rxb4 Rxe3 37. fxe3 Ke7 38. Kh3 Kf6 39. Kg4 Ke6 40. Kf3 f5 41. g4 g6 42. gxf5+ gxf5 43. g4 fxg4+ 44. Kxg4 Be2+ 45. Kf4 Kd6 46. Rb1 Kc6 47. Ke5 Bf3 48. Kf4 Be4 49. Kg4 Bxb1 50. Kf3 Be4+ 51. Ke2 b4 52. Kd2 h5 53. Kc1 h4 54. Kb2 Kb5 55. Kc1 Kc4 56. Kd2 h3 57. Ke1 h2 58. Kf2 Kd3 59. Kg3 h1=Q 60. Kg4 Qf3+ 61. Kg5 Qf5+ 62. Kh4 Qg6 63. Kh3 Kxe3 64. Kh4 Kf3 65. Kh3 Qg3# *

[Event "56th Biel Festival Rapid 2023"]
[Site "Biel"]
[Date "2024.04.13"]
[Round "2.34"]
[White "Illijin Neboisa"]
[Black "Dittmar, Michael"]
[Result "*"]
[WhiteElo "2140"]
[BlackElo "1706"]
[PlyCount "77"]
[EventDate "2023.07.16"]
[EventType "swiss"]
[EventCountry "SUI"]
[TimeControl "900+5"]

1. e4 e6 2. d4 d5 3. e5 Bd7 4. Nf3 a6 5. c4 dxc4 6. Bxc4 Bc6 7. O-O Ne7 8. Nc3 Nd5 9. Bg5 Be7 10. Bxe7 Kxe7 11. Qd2 h6 12. Bxd5 Bxd5 13. Nxd5+ Qxd5 14. Rac1 Nc6 15. a3 Rhd8 16. Rfd1 Kf8 17. Qf4 Rac8 18. h4 Ne7 19. Rd2 c6 20. g4 Qa5 21. Rc5 Qc7 22. g5 Ng6 23. Qe4 Rd5 24. Rc3 Rcd8 25. gxh6 gxh6 26. h5 Ke7 27. hxg6 Rg8 28. Qh4+ Kd7 29. Nh2 Rxg6+ 30. Kh1 Qa5 31. Ng4 Qb5 32. Nf6+ Kc8 33. Rcd3 Qc4 34. Nxd5 Qxd5+ 35. f3 Qa2 36. Qe7 Qb1+ 37. Rd1 Qc2 38. Qe8+ Kc7 39. Qxf7+ *

[Event "56th Biel Festival Rapid 2023"]
[Site "Biel"]
[Date "2024.04.13"]
[Round "2.35"]
[White "Schweizer, Simon"]
[Black "Hies, Norbert"]
[Result "1-0"]
[WhiteElo "2123"]
[BlackElo "1529"]
[PlyCount "89"]
[EventDate "2023.07.16"]
[EventType "swiss"]
[EventCountry "SUI"]
[TimeControl "900+5"]

1. e4 e5 2. Nf3 Nc6 3. Nc3 Nf6 4. g3 Bc5 5. Bg2 O-O 6. Nxe5 d6 7. Nxc6 bxc6 8. d4 Bb4 9. O-O Ba6 10. Re1 Re8 11. a3 Ba5 12. b4 Bb6 13. Bb2 Bb7 14. Qd3 Qd7 15. Na4 Rad8 16. Rad1 h6 17. h3 Qc8 18. c4 a6 19. Qc2 Ba7 20. c5 d5 21. e5 Nd7 22. f4 Nf8 23. f5 Kh8 24. h4 Re7 25. Kh2 Rde8 26. Bh3 Qd8 27. Qd2 Bc8 28. Bc1 Nh7 29. Nb2 Kg8 30. Nd3 f6 31. e6 Rf8 32. Nf4 Qe8 33. Ng6 Qd8 34. Qf2 Rfe8 35. Bf4 Nf8 36. Nxe7+ Qxe7 37. g4 Nh7 38. Qg3 Kh8 39. Rg1 Rg8 40. g5 fxg5 41. hxg5 hxg5 42. Be5 Bb8 43. Bg4 Rf8 44. Rh1 Kg8 45. Kg2 1-0

[Event "56th Biel Festival Rapid 2023"]
[Site "Biel"]
[Date "2024.04.13"]
[Round "2.36"]
[White "Markus, David"]
[Black "Baghirov, Rasul"]
[Result "*"]
[WhiteElo "1384"]
[BlackElo "1992"]
[PlyCount "52"]
[EventDate "2023.07.16"]
[EventType "swiss"]
[EventCountry "SUI"]
[TimeControl "900+5"]

1. e4 c5 2. Nf3 Nc6 3. Bb5 e6 4. Bxc6 bxc6 5. O-O c4 6. d3 cxd3 7. Qxd3 d5 8. Nc3 Nf6 9. Re1 Be7 10. h3 O-O 11. Bf4 Qb6 12. Rab1 Ba6 13. Qd2 Rfd8 14. exd5 cxd5 15. Ne5 Rac8 16. Ne2 Ne4 17. Qe3 Bc5 18. Qf3 Bxf2+ 19. Kh2 Bxe1 20. Rxe1 Rxc2 21. Nxf7 Rf8 22. Ne5 Bxe2 23. Rxe2 Rxe2 24. Nd7 Rxf4 25. Qxf4 Qd6 26. Ne5 Nf6 *

[Event "56th Biel Festival Rapid 2023"]
[Site "Biel"]
[Date "2024.04.13"]
[Round "2.37"]
[White "Ristevski, Sasko"]
[Black "Sai Mahati A"]
[Result "*"]
[WhiteElo "1925"]
[BlackElo "1669"]
[PlyCount "84"]
[EventDate "2023.07.16"]
[EventType "swiss"]
[EventCountry "SUI"]
[TimeControl "900+5"]

1. d4 d5 2. Nf3 Nf6 3. e3 Bg4 4. h3 Bh5 5. g4 Bg6 6. Ne5 Nbd7 7. h4 h6 8. Nxg6 fxg6 9. Bd3 Nb6 10. Bxg6+ Kd7 11. Qe2 e6 12. Nd2 Bd6 13. b3 Qe7 14. Bb2 Raf8 15. O-O-O Kc8 16. f4 Kb8 17. Kb1 a5 18. g5 Nfd7 19. Nf3 a4 20. Ne5 Nxe5 21. dxe5 Ba3 22. Qb5 axb3 23. axb3 Bc5 24. Qd3 Ka7 25. c3 Qd7 26. Kc2 Ra8 27. Ra1+ Kb8 28. h5 hxg5 29. fxg5 Rf8 30. Rxa8+ Kxa8 31. Rf1 Qe7 32. b4 Rxf1 33. Qxf1 Bxe3 34. h6 gxh6 35. gxh6 Bxh6 36. Qf7 Qg5 37. Kb3 Qg4 38. Bd3 Nc4 39. Qe8+ Ka7 40. Qa4+ Kb8 41. Qe8+ Ka7 42. Qa4+ Kb8 *

[Event "56th Biel Festival Rapid 2023"]
[Site "Biel"]
[Date "2024.04.13"]
[Round "2.38"]
[White "Dorand, Jean-Pierre"]
[Black "von Burg, Carl Alexander"]
[Result "*"]
[WhiteElo "1885"]
[BlackElo "1537"]
[PlyCount "79"]
[EventDate "2023.07.16"]
[EventType "swiss"]
[EventCountry "SUI"]
[TimeControl "900+5"]

1. c4 c6 2. Nf3 d5 3. cxd5 cxd5 4. d4 Nc6 5. Bf4 Bf5 6. Nc3 e6 7. e3 a6 8. Bd3 Bxd3 9. Qxd3 Nf6 10. h3 Bd6 11. Bxd6 Qxd6 12. O-O O-O 13. Rfc1 Rac8 14. Na4 Nd7 15. a3 Na5 16. Nd2 b5 17. b4 bxa4 18. bxa5 Rc6 19. Rxc6 Qxc6 20. Rb1 Rc8 21. g3 h6 22. Nf3 Qc4 23. Qd2 f6 24. Qb4 Kf7 25. Kg2 Rb8 26. Qxc4 dxc4 27. Rc1 Rc8 28. Nd2 c3 29. Ne4 Rb8 30. Rxc3 Rb5 31. Nd6+ Ke7 32. Nxb5 axb5 33. a6 Nb6 34. Rc7+ Kd6 35. Rb7 Kc6 36. Rxg7 b4 37. axb4 a3 38. b5+ Kxb5 39. a7 a2 40. Rb7 *

[Event "56th Biel Festival Rapid 2023"]
[Site "Biel"]
[Date "2024.04.13"]
[Round "2.39"]
[White "Arpa, Enes Salih"]
[Black "Malli, Shiivesh Sunil"]
[Result "1/2-1/2"]
[WhiteElo "1349"]
[BlackElo "1835"]
[PlyCount "108"]
[EventDate "2023.07.16"]
[EventType "swiss"]
[EventCountry "SUI"]
[TimeControl "900+5"]

1. e4 d5 2. exd5 Nf6 3. Nc3 Nxd5 4. Nxd5 Qxd5 5. Qf3 Qxf3 6. Nxf3 Nc6 7. Bb5 Bd7 8. c3 O-O-O 9. d4 f6 10. Bf4 e6 11. O-O-O Bd6 12. Bxd6 cxd6 13. d5 exd5 14. Rxd5 Bg4 15. Rd3 Ne5 16. Nxe5 dxe5 17. Rxd8+ Rxd8 18. f3 Bf5 19. Rd1 Rxd1+ 20. Kxd1 Kc7 21. Kd2 Kb6 22. Bd3 Bxd3 23. Kxd3 f5 24. g4 g6 25. Kc4 Kc6 26. a4 a6 27. h4 e4 28. gxf5 exf3 29. Kd3 gxf5 30. Ke3 f2 31. Kxf2 Kd5 32. b3 Ke4 33. Ke2 f4 34. h5 f3+ 35. Kf2 Kd3 36. c4 Kc3 37. Kxf3 Kxb3 38. Kf4 Kxc4 39. Kg5 b5 40. axb5 axb5 41. Kh6 b4 42. Kxh7 b3 43. Kg8 b2 44. h6 b1=Q 45. h7 Qg6+ 46. Kh8 Qh6 47. Kg8 Qe6+ 48. Kg7 Qe7+ 49. Kg8 Qg5+ 50. Kh8 Qe7 51. Kg8 Kd5 52. h8=Q Ke6 53. Qh6+ Kd7 54. Qf8 Qxf8+ 1/2-1/2

[Event "56th Biel Festival Rapid 2023"]
[Site "Biel"]
[Date "2024.04.13"]
[Round "2.40"]
[White "Lang, Fabian"]
[Black "Claude Jean-Pierre"]
[Result "*"]
[WhiteElo "1914"]
[BlackElo "1401"]
[PlyCount "49"]
[EventDate "2023.07.16"]
[EventType "swiss"]
[EventCountry "SUI"]
[TimeControl "900+5"]

1. d4 d5 2. Nf3 Nf6 3. e3 e6 4. Bd3 c5 5. c3 Nc6 6. Nbd2 cxd4 7. exd4 Be7 8. O-O O-O 9. Ne5 Qc7 10. f4 Nxe5 11. fxe5 Ne8 12. Qh5 h6 13. Nf3 Nf6 14. exf6 Bxf6 15. Ne5 Bxe5 16. dxe5 f5 17. exf6 Qf7 18. fxg7 Qxg7 19. Rxf8+ Qxf8 20. Bxh6 Qc5+ 21. Kh1 Qe7 22. Rf1 Bd7 23. Qg6+ Kh8 24. Rf7 Rg8 25. Qh7# *

[Event "56th Biel Festival Rapid 2023"]
[Site "Biel"]
[Date "2024.04.13"]
[Round "2.41"]
[White "Settegrana Miro"]
[Black "Ragios, Konstantinos"]
[Result "0-1"]
[WhiteElo "1301"]
[BlackElo "1925"]
[PlyCount "106"]
[EventDate "2023.07.16"]
[EventType "swiss"]
[EventCountry "SUI"]
[TimeControl "900+5"]

1. e4 e5 2. Nc3 Nc6 3. Bc4 Bc5 4. Qg4 g6 5. Qf3 Nf6 6. Nge2 d6 7. h3 h6 8. Nd5 Nxd5 9. Bxd5 Qe7 10. O-O Be6 11. Nc3 Nd4 12. Qd1 c6 13. Bxe6 fxe6 14. Na4 Bb6 15. c3 Nb5 16. Nxb6 axb6 17. a4 Nc7 18. d4 exd4 19. cxd4 h5 20. Qb3 b5 21. Qg3 bxa4 22. Qxg6+ Kd7 23. Bg5 Qh7 24. Qxh7+ Rxh7 25. b3 a3 26. Ra2 Nb5 27. Rfa1 Nxd4 28. Rxa3 Rg8 29. Ra7 Kc7 30. Be3 Nc2 31. Rc1 Nxe3 32. fxe3 Rhg7 33. Rc2 Rg3 34. Re2 Rxh3 35. Ra5 Rh4 36. Kf2 e5 37. Ra4 Rhg4 38. Kg1 Rg3 39. Ra1 R8g4 40. Ra4 Rf3 41. Kh2 Rf7 42. Rea2 Rfg7 43. Rf2 h4 44. Kg1 h3 45. Raa2 Kb6 46. Kh2 Rxg2+ 47. Rxg2 Rxg2+ 48. Rxg2 hxg2 49. Kxg2 Kb5 50. Kg3 Kb4 51. Kg4 Kxb3 52. Kf5 Kc4 53. Ke6 Kc5 0-1

[Event "56th Biel Festival Rapid 2023"]
[Site "Biel"]
[Date "2024.04.13"]
[Round "2.42"]
[White "Pheng, Wissam"]
[Black "Trubini, Timon"]
[Result "1-0"]
[WhiteElo "1940"]
[BlackElo "1587"]
[PlyCount "41"]
[EventDate "2023.07.16"]
[EventType "swiss"]
[EventCountry "SUI"]
[TimeControl "900+5"]

1. e4 c5 2. b3 Nc6 3. Bb2 e6 4. Nf3 d5 5. Bb5 a6 6. Bxc6+ bxc6 7. Nc3 d4 8. Na4 e5 9. Nxe5 Qg5 10. Nf3 Qxg2 11. Rg1 Qh3 12. Rg3 Qe6 13. Qe2 Nf6 14. Ng5 Qe5 15. O-O-O Bd6 16. Nb6 Rb8 17. Nc4 Qe7 18. e5 Nd5 19. Nxd6+ Kf8 20. Ngxf7 Rg8 21. Qf3 1-0

[Event "56th Biel Festival Rapid 2023"]
[Site "Biel"]
[Date "2024.04.13"]
[Round "2.43"]
[White "Schaer, Bryan"]
[Black "Binzegger, Urs"]
[Result "1-0"]
[WhiteElo "1283"]
[BlackElo "1828"]
[PlyCount "93"]
[EventDate "2023.07.16"]
[EventType "swiss"]
[EventCountry "SUI"]
[TimeControl "900+5"]

1. e4 e5 2. Nf3 Nc6 3. d4 exd4 4. Nxd4 Be7 5. Be3 Nf6 6. Nxc6 bxc6 7. e5 Nd5 8. Bd2 O-O 9. Nc3 Rb8 10. Nxd5 cxd5 11. Bc3 c5 12. Qxd5 Bb7 13. Qd1 d5 14. exd6 Bxd6 15. Qg4 Qe7+ 16. Be2 f5 17. Qc4+ Kh8 18. O-O Qg5 19. f3 Rbe8 20. Rad1 Qe3+ 21. Rf2 Bxh2+ 22. Kxh2 Qxf2 23. Bxg7+ Kxg7 24. Rd7+ Kh8 25. Qc3+ Qd4 26. Rxd4 cxd4 27. Qxd4+ Kg8 28. Bc4+ Rf7 29. Bxf7+ Kxf7 30. Qd7+ Re7 31. Qxf5+ Ke8 32. Qb5+ Kf7 33. Qb3+ Kf8 34. Qa3 Kf7 35. g4 a6 36. Kg3 Kg7 37. Qc3+ Kf7 38. g5 Ke8 39. Kg4 Bc8+ 40. Qxc8+ Kf7 41. f4 Kg7 42. Qc3+ Kf7 43. Qf6+ Ke8 44. Qc6+ Kf7 45. Qxa6 Re1 46. Qc4+ Kf8 47. Qb4+ 1-0

[Event "56th Biel Festival Rapid 2023"]
[Site "Biel"]
[Date "2024.04.13"]
[Round "2.44"]
[White "Schreiber, Edwin"]
[Black "Wilhelm, Marco"]
[Result "1-0"]
[WhiteElo "1772"]
[BlackElo "1231"]
[PlyCount "25"]
[EventDate "2023.07.16"]
[EventType "swiss"]
[EventCountry "SUI"]
[TimeControl "900+5"]

1. Nf3 e6 2. e4 d5 3. e5 c5 4. d4 Ne7 5. Bd3 Bd7 6. h4 Nec6 7. O-O Be7 8. c3 O-O 9. g3 h6 10. Ng5 Re8 11. Qh5 Kh8 12. Qg6 hxg5 13. Qh7# 1-0

[Event "56th Biel Festival Rapid 2023"]
[Site "Biel"]
[Date "2024.04.13"]
[Round "2.45"]
[White "Begdullayeva, Karina"]
[Black "Tureshbayev, Anuar"]
[Result "0-1"]
[WhiteElo "1034"]
[BlackElo "1845"]
[PlyCount "61"]
[EventDate "2023.07.16"]
[EventType "swiss"]
[EventCountry "SUI"]
[TimeControl "900+5"]

1. e4 c6 2. d4 d5 3. exd5 cxd5 4. Nc3 Nf6 5. Nf3 Bg4 6. Be2 Nc6 7. h3 Bh5 8. Bg5 e6 9. Qd2 Be7 10. O-O-O Ne4 11. Bxe7 Qxe7 12. Nxe4 dxe4 13. Ne5 Nxe5 14. dxe5 Bxe2 15. Qxe2 O-O 16. g4 Rac8 17. Qxe4 Rc5 18. h4 Rfc8 19. c3 Qc7 20. Rd3 Rxe5 21. Qf3 b5 22. g5 b4 23. Rg1 bxc3 24. bxc3 Qc5 25. Kc2 Qa3 26. Qb7 Qxa2+ 27. Qb2 Re2+ 28. Rd2 Rxd2+ 29. Kxd2 Qxb2+ 30. Kd1 Rxc3 31. Ke1 0-1

[Event "56th Biel Festival Rapid 2023"]
[Site "Biel"]
[Date "2024.04.13"]
[Round "2.46"]
[White "Kleinert, Juergen"]
[Black "Begdullayeva, Diana"]
[Result "1-0"]
[WhiteElo "1802"]
[BlackElo "1194"]
[PlyCount "39"]
[EventDate "2023.07.16"]
[EventType "swiss"]
[EventCountry "SUI"]
[TimeControl "900+5"]

1. e4 c5 2. c3 Nc6 3. d4 cxd4 4. cxd4 e6 5. d5 exd5 6. exd5 Ne5 7. Qe2 Qf6 8. f4 Bb4+ 9. Nc3 Bxc3+ 10. bxc3 d6 11. fxe5 dxe5 12. Nf3 Bg4 13. Qxe5+ Qxe5+ 14. Nxe5 Bf5 15. Bb5+ Ke7 16. O-O Nf6 17. Rxf5 g6 18. Ba3+ Kd8 19. Nxf7+ Kc8 20. Rxf6 1-0

[Event "56th Biel Festival Rapid 2023"]
[Site "Biel"]
[Date "2024.04.13"]
[Round "2.47"]
[White "Caduff Simon"]
[Black "Gillieron, Jean-Marc"]
[Result "*"]
[WhiteElo "1610"]
[BlackElo "1746"]
[PlyCount "67"]
[EventDate "2023.07.16"]
[EventType "swiss"]
[EventCountry "SUI"]
[TimeControl "900+5"]

1. e4 Nf6 2. Nc3 d6 3. Nf3 g6 4. Bc4 Bg7 5. d3 c5 6. e5 dxe5 7. Nxe5 O-O 8. Be3 Qc7 9. Nf3 Ng4 10. Nd5 Qa5+ 11. Bd2 Qd8 12. Bc3 Nc6 13. h3 Nge5 14. O-O Nxc4 15. dxc4 Bf5 16. Bxg7 Kxg7 17. Qe2 Be6 18. Rad1 Bxd5 19. cxd5 Nb8 20. Rfe1 Re8 21. d6 e6 22. Qe5+ Kg8 23. Qxc5 Nc6 24. Ne5 Nxe5 25. Qxe5 Qd7 26. Re3 Rac8 27. Rc3 Rxc3 28. Qxc3 Rc8 29. Qb3 b6 30. c4 Rc5 31. Qd3 a5 32. a3 b5 33. cxb5 Rd5 34. Qf3 *

[Event "56th Biel Festival Rapid 2023"]
[Site "Biel"]
[Date "2024.04.13"]
[Round "2.49"]
[White "Ranieri, Pierpaolo"]
[Black "Baghirov, Elmar"]
[Result "1-0"]
[WhiteElo "1753"]
[BlackElo "1178"]
[PlyCount "53"]
[EventDate "2023.07.16"]
[EventType "swiss"]
[EventCountry "SUI"]
[TimeControl "900+5"]

1. d4 d5 2. Nf3 Nf6 3. e3 Nc6 4. Bd3 Bg4 5. c4 e6 6. h3 Bh5 7. Qb3 Bxf3 8. gxf3 b6 9. Nc3 Bd6 10. cxd5 exd5 11. Bb5 Qd7 12. Qa4 O-O 13. Bxc6 b5 14. Qxb5 Rab8 15. Bxd7 Rxb5 16. Bxb5 Rb8 17. Bc6 Bb4 18. Bd2 Rb6 19. Ba4 c5 20. dxc5 Bxc5 21. Bb3 d4 22. Na4 Rb5 23. Nxc5 Rxc5 24. Rc1 Re5 25. Rc8+ Ne8 26. Ba4 dxe3 27. fxe3 1-0

[Event "56th Biel Festival Rapid 2023"]
[Site "Biel"]
[Date "2024.04.13"]
[Round "3.1"]
[White "Haimovich, Tal"]
[Black "Quesada Perez, Luis Ernesto"]
[Result "*"]
[WhiteElo "2374"]
[BlackElo "2553"]
[PlyCount "20"]
[EventDate "2023.07.16"]
[EventType "swiss"]
[EventCountry "SUI"]
[TimeControl "900+5"]

1. Nf3 d5 2. d4 Nf6 3. c4 c6 4. Nc3 dxc4 5. a4 Bf5 6. e3 e6 7. Bxc4 Bb4 8. O-O Nbd7 9. Qe2 Bg6 10. Rd1 O-O *

[Event "56th Biel Festival Rapid 2023"]
[Site "Biel"]
[Date "2024.04.13"]
[Round "3.3"]
[White "Vincenti, Leonardo"]
[Black "Yuffa, Daniil"]
[Result "*"]
[WhiteElo "2117"]
[BlackElo "2603"]
[PlyCount "20"]
[EventDate "2023.07.16"]
[EventType "swiss"]
[EventCountry "SUI"]
[TimeControl "900+5"]

1. e4 c6 2. d4 d5 3. exd5 cxd5 4. Bd3 Nc6 5. c3 Qc7 6. Ne2 Bg4 7. f3 Bd7 8. O-O e5 9. dxe5 Nxe5 10. Nd4 Bd6 *

[Event "56th Biel Festival Rapid 2023"]
[Site "Biel"]
[Date "2024.04.13"]
[Round "3.6"]
[White "Ouellet, Maili-Jade"]
[Black "Pranav Anand"]
[Result "*"]
[WhiteElo "2201"]
[BlackElo "2510"]
[PlyCount "24"]
[EventDate "2023.07.16"]
[EventType "swiss"]
[EventCountry "SUI"]
[TimeControl "900+5"]

1. d4 Nf6 2. c4 g6 3. Nc3 Bg7 4. e4 d6 5. f4 c5 6. d5 O-O 7. Nf3 Bg4 8. Be2 e6 9. O-O exd5 10. cxd5 Nfd7 11. h3 Bxf3 12. Bxf3 Na6 *

[Event "56th Biel Festival Rapid 2023"]
[Site "Biel"]
[Date "2024.04.13"]
[Round "3.8"]
[White "Kocharin, Timur"]
[Black "Huang, Renjie"]
[Result "*"]
[WhiteElo "2225"]
[BlackElo "2445"]
[PlyCount "24"]
[EventDate "2023.07.16"]
[EventType "swiss"]
[EventCountry "SUI"]
[TimeControl "900+5"]

1. d4 Nf6 2. c4 g6 3. Nc3 d5 4. Nf3 Bg7 5. cxd5 Nxd5 6. e4 Nxc3 7. bxc3 c5 8. Bb5+ Nc6 9. O-O O-O 10. Bxc6 bxc6 11. Qc2 Qa5 12. Be3 Rb8 *

[Event "56th Biel Festival Rapid 2023"]
[Site "Biel"]
[Date "2024.04.13"]
[Round "3.10"]
[White "Begdullayev, Tamerlan"]
[Black "Materia, Marco"]
[Result "*"]
[WhiteElo "1783"]
[BlackElo "2436"]
[PlyCount "23"]
[EventDate "2023.07.16"]
[EventType "swiss"]
[EventCountry "SUI"]
[TimeControl "900+5"]

1. c4 e6 2. Nc3 d5 3. d4 Nf6 4. cxd5 exd5 5. Bg5 Be7 6. e3 O-O 7. Bd3 c6 8. Nf3 Re8 9. Qc2 Nbd7 10. O-O Nf8 11. Rab1 a5 12. a3 *

[Event "56th Biel Festival Rapid 2023"]
[Site "Biel"]
[Date "2024.04.13"]
[Round "3.18"]
[White "Illijin Neboisa"]
[Black "Voland, Robin"]
[Result "*"]
[WhiteElo "2140"]
[BlackElo "1930"]
[PlyCount "20"]
[EventDate "2023.07.16"]
[EventType "swiss"]
[EventCountry "SUI"]
[TimeControl "900+5"]

1. e4 e6 2. d4 d5 3. e5 c5 4. c3 Nc6 5. Nf3 Bd7 6. Be2 f6 7. O-O fxe5 8. Nxe5 Nxe5 9. dxe5 Qc7 10. Re1 O-O-O *

[Event "56th Biel Festival Rapid 2023"]
[Site "Biel"]
[Date "2024.04.13"]
[Round "3.29"]
[White "Piazza, Carlo"]
[Black "Ranieri, Pierpaolo"]
[Result "*"]
[WhiteElo "2106"]
[BlackElo "1753"]
[PlyCount "22"]
[EventDate "2023.07.16"]
[EventType "swiss"]
[EventCountry "SUI"]
[TimeControl "900+5"]

1. e4 d5 2. exd5 Qxd5 3. Nc3 Qd8 4. d4 Nf6 5. Bc4 a6 6. Bb3 b5 7. Be3 Bb7 8. f3 e6 9. Qd2 c5 10. dxc5 Qxd2+ 11. Bxd2 Bxc5 *

[Event "56th Biel Festival Rapid 2023"]
[Site "Biel"]
[Date "2024.04.13"]
[Round "3.30"]
[White "Aeschbacher, Dimitri"]
[Black "Meier, Peter"]
[Result "*"]
[WhiteElo "1761"]
[BlackElo "2033"]
[PlyCount "24"]
[EventDate "2023.07.16"]
[EventType "swiss"]
[EventCountry "SUI"]
[TimeControl "900+5"]

1. e4 c5 2. Nf3 g6 3. c3 Bg7 4. d4 cxd4 5. cxd4 d5 6. e5 Nc6 7. Nc3 Bg4 8. Bb5 e6 9. h3 Bxf3 10. Qxf3 Nge7 11. Rf1 O-O 12. Qd1 Qb6 *

[Event "56th Biel Festival Rapid 2023"]
[Site "Biel"]
[Date "2024.04.13"]
[Round "5.1"]
[White "Pranav Anand"]
[Black "Quesada Perez, Luis Ernesto"]
[Result "*"]
[WhiteElo "2510"]
[BlackElo "2553"]
[PlyCount "40"]
[EventDate "2023.07.16"]
[EventType "swiss"]
[EventCountry "SUI"]
[TimeControl "900+5"]

1. d4 Nf6 2. c4 c6 3. Nc3 d5 4. e3 e6 5. Nf3 Nbd7 6. Qc2 Bd6 7. g4 Nxg4 8. Rg1 Qf6 9. Rxg4 Qxf3 10. Rxg7 Nf6 11. Bg2 Qh5 12. e4 dxe4 13. Be3 Bd7 14. Rg5 Qh4 15. O-O-O Bf4 16. Rg3 Bxe3+ 17. fxe3 O-O-O 18. Bxe4 Rhg8 19. Rdg1 Rxg3 20. Rxg3 Ng4 *

[Event "56th Biel Festival Rapid 2023"]
[Site "Biel"]
[Date "2024.04.13"]
[Round "5.2"]
[White "Materia, Marco"]
[Black "Rodrigue-Lemieux, Shawn"]
[Result "*"]
[WhiteElo "2436"]
[BlackElo "2495"]
[PlyCount "56"]
[EventDate "2023.07.16"]
[EventType "swiss"]
[EventCountry "SUI"]
[TimeControl "900+5"]

1. d4 Nf6 2. c4 e6 3. Nf3 d5 4. Nc3 c6 5. Bg5 h6 6. Bxf6 Qxf6 7. e3 Nd7 8. Bd3 g6 9. O-O Bg7 10. e4 dxc4 11. Bxc4 O-O 12. e5 Qe7 13. Qe2 b5 14. Bd3 b4 15. Ne4 c5 16. dxc5 Nxc5 17. Nxc5 Qxc5 18. Rfc1 Qa5 19. a3 Bb7 20. Be4 Qb6 21. axb4 Qxb4 22. Rc4 Qb6 23. Bxb7 Qxb7 24. h4 Rfd8 25. Qc2 Rd7 26. Rc1 Rad8 27. Rc7 Rxc7 28. Qxc7 Rb8 *

[Event "56th Biel Festival Rapid 2023"]
[Site "Biel"]
[Date "2024.04.13"]
[Round "5.3"]
[White "Bharath Subramaniyam H"]
[Black "Vantika Agrawal"]
[Result "*"]
[WhiteElo "2488"]
[BlackElo "2428"]
[PlyCount "29"]
[EventDate "2023.07.16"]
[EventType "swiss"]
[EventCountry "SUI"]
[TimeControl "900+5"]

1. d4 Nf6 2. Nf3 g6 3. Nc3 d5 4. Bf4 Bg7 5. Nb5 Na6 6. e3 O-O 7. Be2 Ne4 8. O-O c6 9. Na3 c5 10. Be5 f6 11. Bg3 Nxg3 12. hxg3 cxd4 13. Nxd4 e5 14. Nb3 Be6 15. c4 *

[Event "56th Biel Festival Rapid 2023"]
[Site "Biel"]
[Date "2024.04.13"]
[Round "5.5"]
[White "Sukandar, Irine Kharisma"]
[Black "Huston, Gus"]
[Result "*"]
[WhiteElo "2358"]
[BlackElo "2341"]
[PlyCount "42"]
[EventDate "2023.07.16"]
[EventType "swiss"]
[EventCountry "SUI"]
[TimeControl "900+5"]

1. e4 c5 2. Nf3 d6 3. d4 cxd4 4. Qxd4 Nc6 5. Bb5 Bd7 6. Bxc6 Bxc6 7. c4 Nf6 8. Nc3 g6 9. O-O Bg7 10. h3 O-O 11. Qe3 a6 12. Rb1 b5 13. Nd4 Qb6 14. Nxc6 Qxc6 15. cxb5 axb5 16. a3 Rfc8 17. Bd2 Qc4 18. Rfc1 Qb3 19. Qe2 Rab8 20. e5 dxe5 21. Qxe5 e6 *

[Event "56th Biel Festival Rapid 2023"]
[Site "Biel"]
[Date "2024.04.13"]
[Round "5.7"]
[White "Saraci, Nderim"]
[Black "Matta, Vinay Kumar"]
[Result "*"]
[WhiteElo "2472"]
[BlackElo "2111"]
[PlyCount "38"]
[EventDate "2023.07.16"]
[EventType "swiss"]
[EventCountry "SUI"]
[TimeControl "900+5"]

1. Nf3 Nf6 2. b3 g6 3. Bb2 Bg7 4. e3 O-O 5. d4 c5 6. dxc5 Qa5+ 7. c3 Qxc5 8. Ba3 Qa5 9. Bxe7 Re8 10. b4 Qh5 11. Bxf6 Bxf6 12. Be2 Nc6 13. O-O Qh6 14. b5 Ne7 15. Nd4 Nd5 16. Bf3 Nb6 17. Nd2 d5 18. a4 Be6 19. Rc1 a5 *

[Event "56th Biel Festival Rapid 2023"]
[Site "Biel"]
[Date "2024.04.13"]
[Round "5.8"]
[White "Akshit Kumar J"]
[Black "Schnepp, Gunnar"]
[Result "*"]
[WhiteElo "2105"]
[BlackElo "2278"]
[PlyCount "37"]
[EventDate "2023.07.16"]
[EventType "swiss"]
[EventCountry "SUI"]
[TimeControl "900+5"]

1. e4 c5 2. Nf3 d6 3. d4 cxd4 4. Nxd4 Nf6 5. Nc3 a6 6. h3 e6 7. g4 b5 8. g5 b4 9. gxf6 bxc3 10. fxg7 Bxg7 11. bxc3 Qc7 12. Bd2 Bb7 13. Bd3 Nd7 14. Rg1 Be5 15. Qh5 Nc5 16. Qh4 Qd8 17. Qxd8+ Rxd8 18. f3 Rc8 19. Rb1 *

[Event "56th Biel Festival Rapid 2023"]
[Site "Biel"]
[Date "2024.04.13"]
[Round "5.9"]
[White "Harikrishnan.A.Ra"]
[Black "Meier, Peter"]
[Result "*"]
[WhiteElo "2406"]
[BlackElo "2033"]
[PlyCount "52"]
[EventDate "2023.07.16"]
[EventType "swiss"]
[EventCountry "SUI"]
[TimeControl "900+5"]

1. d4 d5 2. Nf3 Nf6 3. c3 e6 4. Bf4 Bd6 5. e3 Bxf4 6. exf4 O-O 7. Bd3 b6 8. O-O Ba6 9. Ne5 Bxd3 10. Qxd3 c5 11. Nd2 Qc7 12. Qe3 cxd4 13. Qxd4 Nc6 14. Nxc6 Qxc6 15. Rfe1 Rac8 16. a4 Qc5 17. Nb3 Qd6 18. Qe5 Rfd8 19. Qxd6 Rxd6 20. Nd4 Ne4 21. f5 Nc5 22. a5 Nd3 23. Re2 e5 24. Nb5 Rd7 25. f3 e4 26. Rxe4 Nf4 *

[Event "56th Biel Festival Rapid 2023"]
[Site "Biel"]
[Date "2024.04.13"]
[Round "5.10"]
[White "Zargarov, Mikayel"]
[Black "Habibi, Ali"]
[Result "*"]
[WhiteElo "1951"]
[BlackElo "2171"]
[PlyCount "44"]
[EventDate "2023.07.16"]
[EventType "swiss"]
[EventCountry "SUI"]
[TimeControl "900+5"]

1. d4 Nf6 2. c4 c5 3. d5 b5 4. cxb5 a6 5. bxa6 Bxa6 6. Nc3 d6 7. Nf3 Nbd7 8. e4 Bxf1 9. Kxf1 g6 10. g3 Bg7 11. Kg2 O-O 12. a4 Qc7 13. Qe2 Rfb8 14. Nb5 Qb7 15. Bd2 Nb6 16. b3 Nc8 17. Rab1 Na7 18. Na3 Nd7 19. Nc4 Nb6 20. Na5 Qd7 21. h4 e6 22. dxe6 Qxe6 *

[Event "56th Biel Festival Rapid 2023"]
[Site "Biel"]
[Date "2024.04.13"]
[Round "5.11"]
[White "Haimovich, Tal"]
[Black "Rasovic, Dragan"]
[Result "*"]
[WhiteElo "2374"]
[BlackElo "2069"]
[PlyCount "29"]
[EventDate "2023.07.16"]
[EventType "swiss"]
[EventCountry "SUI"]
[TimeControl "900+5"]

1. e4 c6 2. Nc3 d5 3. Nf3 dxe4 4. Nxe4 Nd7 5. d4 Ngf6 6. Ng3 e6 7. Bd3 c5 8. O-O cxd4 9. Nxd4 Be7 10. Re1 O-O 11. c3 a6 12. Bc2 Re8 13. Bf4 Bf8 14. Bg5 h6 15. Be3 *